 Dungeon Crawl Stone Soup version 0.30-a0-852-g08b95dd62f (webtiles) character file.

Game seed: 12647990470389672704

3088 arthad the Ducker (level 10, -6/70 HPs)
             Began as a Djinni Fire Elementalist on Mar 4, 2023.
             Was a Follower of Makhleb.
             Mangled by a boulder beetle (14 damage)
             ... on level 7 of the Dungeon.
             The game lasted 00:17:39 (6573 turns).

arthad the Ducker (Djinni Fire Elementalist)        Turns: 6573, Time: 00:17:40

Health: -6/70      AC:  3    Str:  7    XL:     10   Next: 13%
Gold:   285        EV: 15    Int: 20    God:    Makhleb [*.....] SH:  0 Dex: 15

rFire   + + +      SeeInvis .    o - +2 flail (protect)
rCold   x . .      Faith    .    (no shield)
rNeg    . . .      Spirit   .    a - +0 robe
rPois   ∞          Reflect  .    (no helmet)
rElec   .          Rampage  .    b - +0 cloak
rCorr   .                        (no gloves)
Will    +....                    (boots unavailable)
Stlth   +++                      (no amulet)
HPRegen 0.31/turn                p - ring of protection from fire
MPRegen 0.00/turn                (no ring)

@: flying, studying Invocations
A: sickness immunity, fire resistance 2, cold vulnerability 1, float, innate
caster, HP casting, extra vitality 1
a: Renounce Religion


You were on level 7 of the Dungeon.
You worshipped Makhleb.
Makhleb was aware of your devotion.
You visited 1 branch of the dungeon, and saw 7 of its levels.

You collected 285 gold pieces.

Inventory:

Hand Weapons
 o - a +2 flail of protection (weapon)
 u - a +4 short sword of holy wrath
 w - a +6 antimagic dagger
Missiles
 y - 8 poisoned darts
 D - a curare-tipped dart
Armour
 a - a +0 robe (worn)
 b - a +0 cloak (worn)
 E - a +1 scale mail of positive energy
Magical Staves
 h - a staff of poison
Jewellery
 p - a ring of protection from fire (left hand)
Wands
 B - a wand of polymorph (6)
Scrolls
 c - a scroll of fear
 e - 2 scrolls of amnesia {unknown}
 f - 4 scrolls of teleportation {unknown}
 j - 3 scrolls of immolation {unknown}
 k - 4 scrolls of identify {unknown}
 l - 2 scrolls of enchant weapon {unknown}
 n - a scroll of magic mapping {unknown}
 q - a scroll of enchant armour {unknown}
 r - a scroll of fog {unknown}
 s - a scroll of vulnerability {unknown}
 x - a scroll of poison {unknown}
 F - a scroll of brand weapon {unknown}
Potions
 g - 3 potions of heal wounds {unknown}
 i - a potion of lignification {unknown}
 m - a potion of cancellation {unknown}
 t - a potion of attraction {unknown}
 v - a potion of mutation {unknown}
 z - a potion of ambrosia {unknown}
 A - a potion of brilliance {unknown}
 C - a potion of haste {unknown}


   Skills:
 + Level 5.3 Fighting
 + Level 6.4 Dodging
 + Level 5.3 Stealth
 * Level 6.4 Spellcasting
 * Level 6.1 Invocations


You knew the following spells:

 Your Spells              Type           Power      Damage    Failure   Level
a - Foxfire               Conj/Fire      100%       2x1d9     1%          1
b - Scorch                Fire           64%        2d8       1%          2
c - Kindle Blastsparks    Fire/Tloc/Air  64%        2d15      2%          3
d - Inner Flame           Hex/Fire       32%        N/A       2%          3
e - Flame Wave            Conj/Fire      32%        2d9       7%          4
f - Apportation           Tloc           64%        N/A       1%          1
g - Searing Ray           Conj           64%        2d6       1%          2
h - Summon Guardian Gole  Hex/Summ       32%        N/A       2%          3
i - Tukima's Dance        Hex            32%        N/A       2%          3
Your spell library was empty.

Dungeon Overview and Level Annotations

Branches:
Dungeon (7/15)
 Temple: D:4-7

Altars:
Ashenzari
Cheibriados
Elyvilon
Gozag
Makhleb
Qazlal
Ru
Uskayaw

Shops:
D:1 [


Innate Abilities, Weirdness & Mutations

You are immune to sickness and miasma.
You are immune to poison.
Your flesh is very heat resistant. (rF++)
You are vulnerable to cold. (rC-)
You float through the air rather than walking.
You learn spells naturally, not from books.
Your magical power is your life essence.
You have superior vitality. (+4 MHP)


Message History

The white ugly thing is moderately wounded.
A troll comes into view.
The boulder beetle curls into a ball and begins rolling!
A manticore comes into view.
You conjure some foxfire!
The foxfire hits the white ugly thing.
The white ugly thing is moderately wounded.
Casting: Foxfire (safe; 1% risk of failure)
Confirm with . or Enter, or press ? or * to list all spells.
Flames lash the white ugly thing.
The white ugly thing is moderately wounded.
The white ugly thing's fire resistance burns away.
The foxfire hits the white ugly thing!
The white ugly thing is burned terribly!
The white ugly thing is heavily wounded.
The foxfire hits the white ugly thing.
The white ugly thing is burned terribly!
The white ugly thing is heavily wounded.
The boulder beetle stops rolling and uncurls.
The foxfire hits the white ugly thing but does no damage.
The white ugly thing is heavily wounded.
Casting: Scorch (safe; 1% risk of failure)
Confirm with . or Enter, or press ? or * to list all spells.
Flames lash the white ugly thing.
The white ugly thing is burned terribly!
The white ugly thing is severely wounded.
The boulder beetle curls into a ball and begins rolling!
Casting: Scorch (safe; 1% risk of failure)
Confirm with . or Enter, or press ? or * to list all spells.
Flames lash the white ugly thing.
The white ugly thing is burned terribly!
The white ugly thing is almost dead.
Casting: Scorch (safe; 1% risk of failure)
Confirm with . or Enter, or press ? or * to list all spells.
Flames lash the boulder beetle but do no damage.
The white ugly thing pecks you! The white ugly thing freezes you!!!
You feel a terrible chill!
Ouch! That really hurt!
* * * LOW HITPOINT WARNING * * *
The boulder beetle hits you!
You die...

..# #.# #.# #.## #.#
#..# ##.## ##.#
##...## #.#
##.....###.##
##...#.).##..##
.H####B..###...#...#
♣.cT°○u@##
##..'.#.##
.'####...#
#.†.#.##.##
##...#...##.###.###
##.....###........
##...# #........
##.## ##........ #.#
#......>>. #.#
#.........
#.........


You could see a boulder beetle (rolling), a white ugly thing (combustible), a
manticore, a troll and a centaur.

Vanquished Creatures
  2 water moccasins (D:6)
  Duvessa (D:4)
  2 sky beasts
  3 ice beasts (D:7)
  3 ogres
  A centaur (D:5)
  A phantom (D:6)
  A kobold brigand (D:6)
  4 bullfrogs
  5 scorpions
  Dowan (D:4)
  A killer bee (D:7)
  A howler monkey (D:5)
  2 jellies
  An orc priest (D:6)
  3 hounds
  2 iguanas (D:5)
  Natasha (thrice) (D:2)
  An orc wizard (D:5)
  A sleepcap (D:7)
  A statue (D:4)
  A mummy (D:6)
  4 gnolls
  10 adders
  A shadow imp (D:5)
  2 white imps
  2 ufetubi (D:4)
  2 worms (D:4)
  3 dart slugs
  8 orcs
  7 endoplasms
  A giant cockroach (D:4)
  8 goblins
  11 hobgoblins
  4 jackals
  2 quokkas
  12 ball pythons
  7 bats
  6 frilled lizards
  7 kobolds
  3 rats (D:1)
141 creatures vanquished.

Vanquished Creatures (others)
  A skeletal warrior (D:7)
  601 foxfires
602 creatures vanquished.

Grand Total: 743 creatures vanquished

Notes
Turn   | Place    | Note
-------+----------+-------------------------------------------
     0 | D:1      | arthad the Djinni Fire Elementalist began the quest for the
                  | Orb.
     0 | D:1      | arthad set off with the following spells memorised:
                  | Foxfire, Scorch, Kindle Blastsparks, Inner Flame, Flame
                  | Wave.
     0 | D:1      | Reached XP level 1. HP: 15/15 MP: 0/0
    91 | D:1      | Reached XP level 2. HP: 16/21 MP: 0/0
   115 | D:1      | Found a faded altar of an unknown god.
   289 | D:1      | Reached XP level 3. HP: 25/26 MP: 0/0
   289 | D:1      | Learned a level 1 spell: Apportation
   527 | D:1      | Found Kefomoesm's Antique Armour Boutique.
  1005 | D:2      | Reached XP level 4. HP: 28/31 MP: 0/0
  1022 | D:2      | Reached skill level 1 in Fighting
  1279 | D:2      | Noticed Natasha
  1287 | D:2      | Killed Natasha
  1336 | D:2      | Noticed Natasha
  1382 | D:2      | Killed Natasha
  1383 | D:2      | Reached XP level 5. HP: 20/37 MP: 0/0
  1383 | D:2      | Learned a level 2 spell: Searing Ray
  1385 | D:2      | Noticed Natasha
  1389 | D:2      | Killed Natasha
  2016 | D:3      | Found a stormy altar of Qazlal.
  2167 | D:3      | Found a white marble altar of Elyvilon.
  2228 | D:3      | Found a burning altar of Makhleb.
  2240 | D:3      | Became a worshipper of Makhleb the Destroyer
  2698 | D:3      | Reached XP level 6. HP: 42/43 MP: 0/0
  3164 | D:4      | Found an opulent altar of Gozag.
  3637 | D:4      | Noticed an ogre
  3645 | D:4      | Killed an ogre
  3646 | D:4      | Reached XP level 7. HP: 16/49 MP: 0/0
  3646 | D:4      | Learned a level 3 spell: Summon Guardian Golem
  3806 | D:4      | Found a hide-covered altar of Uskayaw.
  4330 | D:4      | Noticed Duvessa
  4335 | D:4      | Killed Duvessa
  4337 | D:4      | Noticed Dowan
  4342 | D:4      | Killed Dowan
  4490 | D:5      | Entered Level 5 of the Dungeon
  4650 | D:5      | Reached XP level 8. HP: 52/56 MP: 0/0
  4912 | D:5      | Found a broken altar of Ashenzari.
  4953 | D:5      | Reached skill level 5 in Dodging
  5044 | D:5      | Reached skill level 5 in Spellcasting
  5044 | D:5      | Reached skill level 1 in Invocations
  5069 | D:5      | Reached * piety under Makhleb
  5538 | D:6      | Reached XP level 9. HP: 59/62 MP: 0/0
  5538 | D:6      | Learned a level 3 spell: Tukima's Dance
  5631 | D:6      | Found a sacrificial altar of Ru.
  6012 | D:6      | Found a snail-covered altar of Cheibriados.
  6202 | D:7      | Identified a scroll of acquirement
  6202 | D:7      | Acquired a manual of Invocations
  6333 | D:7      | Noticed a skeletal warrior
  6346 | D:7      | Noticed a gargoyle
  6350 | D:7      | Killed a skeletal warrior
  6351 | D:7      | Reached skill level 5 in Fighting
  6351 | D:7      | Reached skill level 5 in Stealth
  6351 | D:7      | Reached skill level 5 in Invocations
  6405 | D:7      | Reached XP level 10. HP: 45/70 MP: 0/0
  6562 | D:7      | Noticed a deep elf pyromancer
  6563 | D:7      | Noticed a white ugly thing
  6566 | D:7      | Noticed a boulder beetle
  6568 | D:7      | Noticed a manticore
  6573 | D:7      | Mangled by a boulder beetle

Illustrated notes

Levels and vault maps discovered:
D:1:      tarquinn_simple_flora_water_e, layout_basic,
          shapermc_ecumenical_altar_pompeii, serial_shops,
          nicolae_shop_statue_plus, nrook_mini_vaults, kennysheep_crisscross
D:2:      layout_basic, uniq_natasha
D:3:      layout_loops_corners, mainiacjoe_overflow_tiny_flanked,
          nicolae_qazlal_general_emergency, general_overflow_altar,
          serial_co_window_serial, co_window_paths_a, co_window_paths_a,
          co_window_paths_a, co_window_paths_a, co_window_paths_a,
          co_window_of_opportunity_b, co_window_corner_b, co_window_cross_3,
          co_window_corner_b, co_window_2corner, co_window_of_opportunity_b,
          glass_columns_a, glass_columns_b, glass_columns_a, glass_columns_b,
          glass_columns_b, minmay_vboxes
D:4:      layout_loops_corners, nicolae_uskayaw_suspiria,
          nicolae_gozag_seed_capital, vehumet_statue, serial_rivers,
          chequers_serial_rivers_room_a, chequers_serial_rivers_marsh,
          chequers_serial_rivers_large_a, chequers_serial_rivers_large_b,
          minmay_manual_mail, uniq_duvessa
D:5:      layout_cave_pools, nicolae_ashenzari_skybound
D:6:      layout_rooms, mainiacjoe_overflow_alcove_4, slow_altar_1,
          kennysheep_another_room
D:7:      minmay_the_grid_plus_closed [minmay_the_grid_outer_diamond,
          minmay_the_grid_x, minmay_the_grid_doors,
          minmay_the_grid_minigrid_medium, minmay_the_grid_prize_four_corners],
          layout_cave_pods, kennysheep_vampire_church,
          nicolae_yredelemnul_corpse_copse, minmay_temple_entry_overgrown,
          serial_shops, nicolae_shop_advertising_works
          [nicolae_subvault_shop_adworks],
          nicolae_ossuary_entry_false_entrances, serial_park_tiny_2

Skill      XL: |  1  2  3  4  5  6  7  8  9 10 |
---------------+-------------------------------+-----
Stealth        | 2 3 4 5 |  5.3
Fighting       | 1 2 3 4 5 |  5.3
Dodging        | 3 4 5 6 |  6.4
Spellcasting   | 3 4 5 6 |  6.4
Invocations    | 2 5 6 |  6.1

Action                     |  1- 3 |  4- 6 |  7- 9 | 10-12 || total
---------------------------+-------+-------+-------+-------++-------
  Melee: Flail             |       |     3 |     7 |       ||    10
   Cast: Foxfire           |    71 |    82 |   183 |    18 ||   354
         Scorch            |     3 |    24 |    38 |     9 ||    74
         Apportation       |       |       |     2 |       ||     2
         Summon Guardian G |       |       |     3 |       ||     3
    Use: Scroll            |       |       |     2 |       ||     2
 Armour: Robe              |     4 |    10 |     6 |     1 ||    21
  Dodge: Dodged            |    13 |    14 |    29 |     5 ||    61

Table legend: (Time is in decaauts)
 A = Elapsed time spent in this place.
 B = Non-inter-level travel time spent in this place.
 C = Inter-level travel time spent in this place.
 D = Time resting spent in this place.
 E = Time spent auto-exploring this place.
 F = Levels seen in this place.
 G = Mean time per level.
                   A        B        C        D        E       F      G
               +--------+--------+--------+--------+--------+-----+--------+
         Total |   6576 |   6430 |    146 |    305 |   5051 |   7 |  939.4 |
       Dungeon |   6576 |   6430 |    146 |    305 |   5051 |   7 |  939.4 |
               +--------+--------+--------+--------+--------+-----+--------+

Top non-repeatable levels by time:
     D:4: 1540 daAuts
     D:3: 1126 daAuts
     D:2: 1033 daAuts
     D:1: 938 daAuts
     D:6: 796 daAuts
     D:5: 765 daAuts
     D:7: 376 daAuts
